 Dungeon Crawl Stone Soup version 0.22-a0-858-g985ef60 (webtiles) character file.

3102 poirepourri the Cleaver (level 10, -1/79 HPs)
             Began as a Formicid Fighter on July 27, 2018.
             Slain by a warg (6 damage)
             ... on level 8 of the Dungeon.
             The game lasted 00:08:45 (7060 turns).

poirepourri the Cleaver (Formicid Fighter)          Turns: 7060, Time: 00:08:46

Health: -1/79      AC: 11    Str: 20    XL:     10   Next: 13%
Magic:  10/10      EV: 12    Int:  7    God:
Gold:   435        SH: 10    Dex: 15    Spells: 9/9 levels left

rFire    . . .     SeeInvis +   a - +0 war axe
rCold    . . .     Gourm    .   c - +1 shield
rNeg     . . .     Faith    .   b - +0 scale mail
rPois    .         Spirit   .   (helmet unavailable)
rElec    .         Reflect  .   l - +0 cloak
rCorr    .         Harm     .   j - +0 pair of gloves
MR       +....                  t - +0 pair of boots
Stlth    ..........             (no amulet)
HPRegen  0.23/turn              s - +1 ring of protection
MPRegen  0.12/turn              r - +5 ring of evasion

@: no status effects
A: permanent stasis, dig shafts and tunnels, four strong arms, antennae 3, agile
1, dopey 1, wild magic 1
a: Dig, Shaft Self


You were on level 8 of the Dungeon.
You were very hungry.

You visited 2 branches of the dungeon, and saw 9 of its levels.

You collected 435 gold pieces.

Inventory:

Hand Weapons
 a - a +0 war axe (weapon)
Missiles
 e - 62 bolts
Armour
 b - a +0 scale mail (worn)
 c - a +1 shield (worn)
 j - a +0 pair of gloves (worn)
 k - a cursed +0 large shield
 l - a +0 cloak (worn)
 t - a +0 pair of boots (worn)
Jewellery
 q - an uncursed ring of flight
 r - a +5 ring of evasion (right hand)
 s - a +1 ring of protection (left hand)
 u - an uncursed ring of protection from fire
Wands
 n - a wand of digging (16)
Scrolls
 h - 3 scrolls of remove curse
Potions
 d - a potion of brilliance
 g - a potion of lignification
 i - a potion of flight
Comestibles
 f - 5 rations


   Skills:
 + Level 7.4 Fighting
 - Level 12.0 Axes
 - Level 3.2 Armour
 - Level 3.6 Shields


You had 9 spell levels left.
You didn't know any spells.
Your spell library contained the following spells:

 Spells                   Type           Power        Failure   Level  Hunger
 Fireball                 Conj/Fire      #.........   100%        5    ######.
 Conjure Flame            Conj/Fire      #.......     100%        3    ####...
 Throw Flame              Conj/Fire      #.....       100%        2    ###....
 Sticky Flame             Conj/Fire      #.......     100%        4    #####..
 Flame Tongue             Conj/Fire      #....        99%         1    ##.....
 Inner Flame              Hex/Fire       #.......     100%        3    ####...


Dungeon Overview and Level Annotations

Branches:
Dungeon (8/15)             Temple (1/1) D:6
   Lair: D:8-11

Altars:
Ashenzari
Cheibriados
Dithmenos
Elyvilon
Fedhas
Gozag
Hepliaklqana
Kikubaaqudgha
Makhleb
Nemelex Xobeh
Okawaru
Ru
Sif Muna
Trog
Uskayaw
Xom
Yredelemnul
Zin
The Shining One


Innate Abilities, Weirdness & Mutations

You cannot be hasted, slowed, berserked, paralysed or teleported.
You can dig through walls and to a lower floor.
Your four strong arms can wield two-handed weapons with a shield.
You have a pair of large antennae on your head. (SInv)
You are agile. (Dex +2)
You are dopey. (Int -2)
Your spells are a little harder to cast, but a little more powerful.


Message History

You are confused.
You feel invigorated. The warg bites you.
* * * LOW HITPOINT WARNING * * *
Unknown command.
You slash the orc warrior!
You kill the orc warrior!
You slash the warg! The warg bites you!
* * * LOW HITPOINT WARNING * * *
The orc priest miscasts a cantrip.
The warg closely misses you.
It was a potion of cancellation.
Your magical effects are unravelling.
You feel magically purged.
You feel less invigorated.
You feel less confused.
You feel a little less agile now. You block the warg's attack.
The orc completely misses you.
Unknown command.
You hit the orc but do no damage.
Your shield and scale mail prevent you from hitting the warg.
The warg bites you.
You die...

##)# ###..## #)####.....##
##.##.......# #)##)......## #
#.รท.........## .. ##...........#
... #...........# # ....#####
##...........##### ........####
###@..........[)....
....).o....###ooh#.........))....
...#...o......)###...............
.. #.........)## ##..............
# #...........# #...###........
............## ##### ###......
............## ###..##.
#..........### ### ##.....#.
#.........## ###.### ##....#..#


You could see a warg, an orc priest and an orc.

Vanquished Creatures
  A hippogriff (D:7)
  A hungry ghost (D:8)
  A warg (D:8)
  An ice beast (D:4)
  2 orc warriors (D:8)
  A sky beast (D:7)
  3 phantoms
  3 ogres
  3 centaurs
  2 bullfrogs (D:6)
  7 wights
  5 howler monkeys
  3 crimson imps
  A centaur zombie (D:5)
  2 hounds
  A bullfrog zombie (D:6)
  A quasit (D:8)
  A bullfrog skeleton (D:7)
  4 orc priests
  4 orc wizards
  Crazy Yiuf (D:3)
  An iguana (D:6)
  Terence (D:3)
  Natasha (twice) (D:3)
  4 worker ants
  A hound zombie (D:7)
  A hound skeleton (D:5)
  3 gnolls (D:4)
  4 adders
  A shadow imp (D:7)
  An ooze (D:7)
  2 adder skeletons
  2 worms (D:3)
  A dart slug (D:5)
  5 leopard geckos
  20 orcs
  A ball python (D:2)
  6 bats
  A bat skeleton (D:2)
  A bat zombie (D:2)
  6 giant cockroaches
  10 goblins
  6 hobgoblins
  12 jackals
  2 quokkas (D:5)
  5 frilled lizards
  2 jackal skeletons
  5 kobolds
  2 leopard gecko skeletons (D:2)
  3 leopard gecko zombies
  A quokka zombie (D:6)
  10 rats
170 creatures vanquished.

Notes
Turn   | Place    | Note
-------+----------+-------------------------------------------
     0 | D:1      | poirepourri the Formicid Fighter began the quest for the Orb.
     0 | D:1      | Reached XP level 1. HP: 18/18 MP: 1/1
    26 | D:1      | Reached XP level 2. HP: 15/24 MP: 2/2
   243 | D:1      | Reached skill level 3 in Axes
   358 | D:1      | Reached XP level 3. HP: 29/29 MP: 3/3
   901 | D:2      | Found a shimmering altar of Xom.
  1140 | D:2      | Reached skill level 4 in Axes
  1140 | D:2      | Reached XP level 4. HP: 35/35 MP: 4/4
  1688 | D:3      | Noticed Terence
  1693 | D:3      | Noticed Natasha
  1916 | D:3      | Found a runed door.
  1944 | D:3      | Killed Natasha
  1944 | D:3      | Reached skill level 5 in Axes
  1944 | D:3      | Reached XP level 5. HP: 36/41 MP: 5/5
  1969 | D:3      | Killed Terence
  1992 | D:3      | Found a bloodstained altar of Trog.
  1995 | D:3      | Noticed Natasha
  1999 | D:3      | Killed Natasha
  2223 | D:3      | Noticed Crazy Yiuf
  2229 | D:3      | Killed Crazy Yiuf
  2229 | D:3      | Reached XP level 6. HP: 27/47 MP: 6/6
  2477 | D:4      | Found an ancient bone altar of Kikubaaqudgha.
  2523 | D:4      | Gained mutation: You are dopey. (Int -2) [potion of mutation]
  2523 | D:4      | Gained mutation: Your spells are a little harder to cast, but a little more powerful. [potion of mutation]
  2523 | D:4      | Gained mutation: You are agile. (Dex +2) [potion of mutation]
  2527 | D:4      | Reached skill level 6 in Axes
  2793 | D:4      | Noticed an ogre
  2800 | D:4      | Killed an ogre
  2822 | D:4      | Reached XP level 7. HP: 52/52 MP: 7/7
  2826 | D:4      | Reached skill level 7 in Axes
  3735 | D:5      | Entered Level 5 of the Dungeon
  3883 | D:5      | Reached skill level 8 in Axes
  3894 | D:5      | Reached XP level 8. HP: 58/58 MP: 8/8
  3912 | D:5      | Reached skill level 9 in Axes
  4617 | D:6      | Found a staircase to the Ecumenical Temple.
  4679 | Temple   | Entered the Ecumenical Temple
  5033 | D:6      | Reached skill level 10 in Axes
  5044 | D:6      | Found an iron altar of Okawaru.
  5163 | D:6      | Reached XP level 9. HP: 62/64 MP: 9/9
  5669 | D:6      | Reached skill level 11 in Axes
  6074 | D:7      | Noticed a hippogriff
  6085 | D:7      | Killed a hippogriff
  6298 | D:7      | Reached skill level 12 in Axes
  6464 | D:7      | Found a snail-covered altar of Cheibriados.
  6465 | D:7      | Found an opulent altar of Gozag.
  6654 | D:8      | Reached skill level 5 in Fighting
  6676 | D:8      | Reached XP level 10. HP: 36/76 MP: 10/10
  7058 | D:8      | HP: 1/79 [warg (11)]
  7060 | D:8      | Slain by a warg

Vault maps used:
D:1:      tarquinn_simple_flora_water_e
D:2:      overflow_temple_1_default, serial_undead, serial_undead_e,
          serial_undead_a, serial_undead_c, serial_undead_b, serial_undead_e
D:3:      hangedman_decor_push, bloody_trog, uniq_natasha,
          uniq_crazy_yiuf_cottage, uniq_terence
D:4:      kennysheep_mini
D:5:      first_ration
D:6:      overflow_temple_1_default, minmay_temple_entry_statues_pillars
D:7:      nicolae_overflow_hidden_temple
D:8:      nicolae_qazlal_style_of_elements, erik_lair_orcish_takeover
Temple:   minmay_temple_curvy_branch

Skill      XL: |  1  2  3  4  5  6  7  8  9 10 |
---------------+-------------------------------+-----
Axes           | 3 4 5 6 8 10 12 | 12.0
Fighting       | 6 7 |  7.4
Armour         | |  3.2
Shields        | |  3.6

Action                   |  1- 3 |  4- 6 |  7- 9 | 10-12 || total
-------------------------+-------+-------+-------+-------++-------
Melee: War axe           |    92 |   127 |   306 |    27 ||   552
Evoke: Wand              |       |     3 |    11 |     4 ||    18
  Use: Scroll            |     3 |     5 |    11 |       ||    19
       Potion            |       |     8 |     2 |     5 ||    15
  Eat: Ration            |     1 |     1 |     4 |       ||     6
       Chunk             |       |     2 |     2 |       ||     4
Armor: Scale mail        |    50 |    49 |   104 |    10 ||   213
       Skin              |       |     5 |       |       ||     5
Dodge: Dodged            |    30 |    49 |   118 |    22 ||   219
Block: Shield            |    65 |    69 |   168 |    26 ||   328

Table legend:
 A = Spawn XP
 B = Non-spawn XP
 C = Spawn XP percentage of total XP
 D = Spawn monster count
 E = Non-spawn monster count
 F = Spawn count percentage of total count
 G = Total turns spent on level
                    A         B        C        D         E        F      G
               +---------+---------+-------+---------+---------+-------+---------
         Total |       0 |    4432 |   0.0 |       0 |     170 |   0.0 |  7060
               +---------+---------+-------+---------+---------+-------+---------
           D:1 |       0 |      36 |   0.0 |       0 |      23 |   0.0 |   701
           D:2 |       0 |      34 |   0.0 |       0 |      21 |   0.0 |   669
           D:3 |       0 |     225 |   0.0 |       0 |      29 |   0.0 |   901
           D:4 |       0 |     426 |   0.0 |       0 |      15 |   0.0 |  1464
           D:5 |       0 |     724 |   0.0 |       0 |      21 |   0.0 |  1130
           D:6 |       0 |    1031 |   0.0 |       0 |      22 |   0.0 |   891
           D:7 |       0 |     946 |   0.0 |       0 |      17 |   0.0 |   504
           D:8 |       0 |    1010 |   0.0 |       0 |      22 |   0.0 |   482
               +---------+---------+-------+---------+---------+-------+---------
